 Dungeon Crawl Stone Soup version 0.20.1-1-g8b1a95d (webtiles) character file.

455 empire the Skirmisher (level 6, -1/56 HPs)
             Began as a Draconian Monk on July 27, 2017.
             Slain by an orc wizard
             ... wielding a +0 dagger
              (5 damage)
             ... on level 5 of the Dungeon.
             The game lasted 00:09:07 (5465 turns).

empire the Skirmisher (Draconian Monk)              Turns: 5465, Time: 00:09:07

Health: -1/56      AC:  8    Str: 16    XL:     6   Next: 76%
Magic:  6/6        EV: 14    Int: 22    God:
Gold:   184        SH:  0    Dex: 13    Spells: 5/5 levels left

rFire    + . .     SeeInvis .   a - +0 falchion
rCold    x . .     Gourm    .   (no shield)
rNeg     . . .     Faith    +   (armour unavailable)
rPois    .         Spirit   .   (helmet restricted)
rElec    .         Reflect  .   l - +0 cloak (curse)
rCorr    .         Harm     .   (no gloves)
MR       .....                  p - +0 pair of boots
Stlth    ++........             c - amulet of faith
Regen    0.2/turn               d - ring of fire
MPRegen  0.1/turn               j - +3 ring of intelligence

@: brilliant
A: unfitting armour, big wings, talons 1, clever 2, cold-blooded, AC +6
a: Fly


You were on level 5 of the Dungeon.
You were very hungry.

You visited 1 branch of the dungeon, and saw 5 of its levels.

You collected 184 gold pieces.

Inventory:

Hand Weapons
 a - a +0 falchion (weapon)
 e - a +0 dagger
Armour
 l - a cursed +0 cloak (worn)
 p - a +0 pair of boots (worn)
Jewellery
 c - an amulet of faith (around neck)
 d - a ring of fire (left hand)
 j - a +3 ring of intelligence (right hand)
 w - a cursed ring of wizardry {unknown}
Wands
 o - a wand of polymorph (0/24)
 r - a wand of acid (7/15)
 v - a wand of flame (20/48)
Scrolls
 m - a scroll of remove curse
 u - 2 scrolls of amnesia
Potions
 k - a potion of agility {unknown}
 n - 2 potions of brilliance
 s - a potion of cancellation {unknown}
 t - a potion of heal wounds {unknown}
Comestibles
 b - 3 bread rations
 h - a meat ration
 q - 5 fruits


   Skills:
 + Level 5.4 Fighting
 + Level 5.0 Long Blades
 + Level 4.5 Dodging
 - Level 2.1 Stealth


You had 5 spell levels left.
You didn't know any spells.

Dungeon Overview and Level Annotations

Branches:
Dungeon (5/15)
 Temple: D:4-7

Altars:
Elyvilon
Gozag
Yredelemnul

Shops:
D:5 ?

Annotations:
D:3 slacker's ghost, amateur GrBe


Innate Abilities, Weirdness & Mutations

Your plain brown scales are hard. (AC +6)
You cannot fit into any form of body armour.
You are cold-blooded and may be slowed by cold attacks.
Your large and strong wings let you fly indefinitely.
You have sharp toenails.
Your mind is very acute. (Int +4)


Message History

The orc wizard hits you but does no damage.
You hit the orc wizard.
You kill the orc wizard!
Your Long Blades skill increases to level 5!
The orc priest miscasts a cantrip.
You hit the quokka zombie.
The quokka zombie is severely damaged.
The quokka zombie bites you but does no damage.
You hit the quokka zombie.
You destroy the quokka zombie!
Something hits you but does no damage.
You miss something.
You hear some strange, mumbled words.
You miss something.
Something hits you but does no damage. x2
You hit something.
You feel less wooden.
Your cursed +0 cloak unmelds from your body.
Your +0 pair of boots unmelds from your body.
Something hits you.
You die...

#.....# #.....# ....
#.....# ... .
#.....###..#o
##.........o. .
######......#8..##..
##<.....(...........>
#.....#####o##.....%.
###.#...@)og..o.##
#.#.######o#.....#
#.#.# .!.#.....#
#.#.# #.##..8.5....
....... ...o.....#
#.#... ..........
#.#.. #..##....#.
...... ...# .##..


You could see an orc priest, a gnoll and 3 orcs.

Vanquished Creatures
  A crimson imp (D:1)
  A howler monkey (D:4)
  A hound (D:4)
  An orc wizard (D:5)
  A bullfrog skeleton (D:4)
  An orc priest (D:4)
  Ijyb (D:3)
  A worker ant (D:4)
  6 gnolls
  4 adders
  An ooze (D:1)
  An adder skeleton (D:4)
  3 worms
  3 dart slugs (D:1)
  A leopard gecko (D:3)
  5 orcs
  A ball python (D:1)
  7 giant cockroaches
  2 gnoll zombies (D:4)
  9 goblins
  9 hobgoblins
  3 jackals (D:2)
  4 quokkas
  7 bats
  10 frilled lizards
  12 kobolds
  A quokka zombie (D:5)
  11 rats
108 creatures vanquished.

Notes
Turn   | Place    | Note
-------+----------+-------------------------------------------
     0 | D:1      | empire the Draconian Monk began the quest for the Orb.
     0 | D:1      | Reached XP level 1. HP: 19/19 MP: 1/1
   122 | D:1      | Reached XP level 2. HP: 4/26 MP: 2/2
   711 | D:1      | Reached XP level 3. HP: 32/33 MP: 3/3
  1276 | D:1      | Reached XP level 4. HP: 30/40 MP: 4/4
  1801 | D:2      | Found an opulent altar of Gozag.
  2735 | D:3      | Noticed slacker's ghost (amateur GrBe)
  2986 | D:3      | Reached XP level 5. HP: 47/47 MP: 5/5
  3037 | D:3      | Found a white marble altar of Elyvilon.
  4164 | D:3      | Reached XP level 6. HP: 53/55 MP: 6/6
  4205 | D:3      | Noticed Ijyb
  4254 | D:3      | Killed Ijyb
  4254 | D:3      | Reached skill level 5 in Fighting
  4857 | D:4      | Found a basalt altar of Yredelemnul.
  5402 | D:5      | Entered Level 5 of the Dungeon
  5414 | D:5      | Found Hozets's Magic Scroll Boutique.
  5446 | D:5      | Gained mutation: Your mind is acute. (Int +2) [potion of mutation]
  5446 | D:5      | Gained mutation: Your mind is very acute. (Int +4) [potion of mutation]
  5446 | D:5      | Gained mutation: Your large and strong wings let you fly indefinitely. [potion of mutation]
  5446 | D:5      | Gained mutation: You have sharp toenails. [potion of mutation]
  5451 | D:5      | HP: 4/84 [orc priest/divine providence (11)]
  5460 | D:5      | Reached skill level 5 in Long Blades
  5465 | D:5      | Slain by an orc wizard

Skill      XL: |  1  2  3  4  5  6 |
---------------+-------------------+-----
Stealth        | 2 |  2.1
Dodging        | 3 4 |  4.5
Fighting       | 4 5 |  5.4
Long Blades    | 4 5 |  5.0

Action                   |  1- 3 |  4- 6 || total
-------------------------+-------+-------++-------
Melee: Falchion          |   135 |   332 ||   467
       Tailslap          |    16 |    46 ||    62
  Use: Scroll            |       |     6 ||     6
       Potion            |       |     7 ||     7
 Stab: Sleeping          |     1 |     5 ||     6
  Eat: Chunk             |       |    14 ||    14
Armor: Skin              |    61 |   132 ||   193
Dodge: Dodged            |   116 |   267 ||   383
       Rpst.: Falchion   |    35 |    74 ||   109
